 Seeded DCSS version 0.30.1-9-gdf580d7c3d (webtiles) character file.

Game seed: 6351066067085065685 (custom seed)

281292 Esekla the Sorcerer (level 19, -12/116 HPs)
             Began as a Deep Elf Wanderer on Oct 19, 2023.
             Was the Champion of Vehumet.
             Mangled by a vault warden
             ... wielding a +0 bardiche
              (38 damage)
             ... on level 3 of the Vaults on Oct 20, 2023.
             The game lasted 05:56:51 (32788 turns).

Esekla the Sorcerer (Deep Elf Wanderer)            Turns: 32788, Time: 05:56:52

Health: -12/116    AC: 28    Str:  8    XL:     19   Next: 70%
Magic:  40/46      EV: 13    Int: 37    God:    Vehumet [******]
Gold:   2074       SH:  4    Dex: 10    Spells: 0/70 levels left

rFire   + . .        c - +9 scimitar (protect)
rCold   . . .        Q - +0 buckler
rNeg    + . .        P - +1 ring mail "Uronn" {rF+ Regen+ Int+3}
rPois   +            A - +2 helmet {Int+3}
rElec   +            b - +1 cloak {Stlth+}
rCorr   .            k - +0 pair of gloves
SInv    .            J - +2 pair of boots {rampage}
Will    +....        z - amulet of magic regeneration
Stlth   +++          n - ring of Greed {rElec rPois rN+ AC+4 Str-2}
HPRegen 1.19/turn    R - ring of the Mage {Wiz Archmagi}
MPRegen 0.70/turn

%: rampage, wizardry (x1), archmagi
@: wereblooded, under a protective aura
A: clever 1, low MP 1, passive freeze
}: 2/15 runes: barnacled, gossamer
a: Renounce Religion


You were on level 3 of the Vaults.
You worshipped Vehumet.
Vehumet was exalted by your worship.
You visited 7 branches of the dungeon, and saw 33 of its levels.
You visited 1 bazaar.
You also visited: Trove and Bailey.

You collected 5573 gold pieces.
You spent 3499 gold pieces at shops.

Inventory:

Hand Weapons
 c - a +9 scimitar of protection (weapon)
 e - a +4 demon blade of electrocution
 f - a +4 scimitar of flaming
 r - a +4 trident of venom
 s - the +8 Vampire's Tooth {megavamp}
   (You bought it in a shop in a bazaar)
Missiles
 p - 29 boomerangs
 w - 78 poisoned darts
 L - 7 curare-tipped darts
 V - 9 silver javelins (quivered)
Armour
 b - a +1 cloak of stealth (worn)
 k - a +0 pair of gloves (worn)
 A - a +2 helmet of intelligence (worn)
 J - a +2 pair of boots of rampaging (worn)
 P - the +1 ring mail "Uronn" (worn) {rF+ Regen+ Int+3}
   (You found it on level 4 of the Shoals)

   Int:       It affects your intelligence (+3).
   rF:        It protects you from fire.
   Regen:     It increases your rate of health regeneration.
 Q - a +0 buckler (worn)
 W - the +1 animal skin "Kougi" {rPois rF++ MP+9}
   (You found it on level 2 of the Shoals)

   rF:        It greatly protects you from fire.
   rPois:     It protects you from poison.
   MP:        It affects your magic capacity (+9).
Magical Staves
 d - a staff of death
Jewellery
 a - the ring "Pileq" {Ice Str+4 Dex+3 Slay+2}
   (You found it on level 4 of the Shoals)

   [ring of ice]

   It enhances your ice magic.
   Str:       It affects your strength (+4).
   Dex:       It affects your dexterity (+3).
   Slay:      It affects your accuracy & damage with ranged weapons and melee
   (+2).
   rF:        It makes you vulnerable to fire.
   rC:        It protects you from cold.
 g - an amulet of reflection
 n - the ring of Greed (left hand) {rElec rPois rN+ AC+4 Str-2}
   (You bought it in a shop on level 2 of the Dungeon)

   [ring of protection]

   AC:        It affects your AC (+4).
   Str:       It affects your strength (-2).
   rElec:     It insulates you from electricity.
   rPois:     It protects you from poison.
   rN:        It protects you from negative energy.
 z - an amulet of magic regeneration (around neck)
 F - the ring "Edamun" {rF+ Will+ Str+3 Dex+2 Slay+2}
   (You found it in a treasure trove)

   [ring of willpower]

   Str:       It affects your strength (+3).
   Dex:       It affects your dexterity (+2).
   Slay:      It affects your accuracy & damage with ranged weapons and melee
   (+2).
   rF:        It protects you from fire.
   Will:      It increases your willpower.
 O - a ring of see invisible
 R - the ring of the Mage (right hand) {Wiz Archmagi}
   (You bought it in a shop on level 2 of the Dungeon)

   [ring of wizardry]

   It improves your spell success rate.
   Archmagi:  It increases the power of your magical spells.
Wands
 C - a wand of flame (30)
 H - a wand of mindburst (16)
 K - a wand of digging (9)
 M - a wand of roots (30)
 X - a wand of quicksilver (16)
Scrolls
 o - a scroll of amnesia
 t - 7 scrolls of blinking
 u - 6 scrolls of fog
 x - 3 scrolls of silence
 y - 3 scrolls of magic mapping
 D - 6 scrolls of fear
 E - 16 scrolls of teleportation
 G - 3 scrolls of poison
 U - 7 scrolls of identify
Potions
 h - 6 potions of heal wounds
 i - 12 potions of haste
 j - 7 potions of curing
 l - 3 potions of might
 m - 3 potions of magic
 q - 7 potions of brilliance
 v - 7 potions of ambrosia
 I - 3 potions of cancellation
 N - 7 potions of lignification
 S - 6 potions of flight
 Y - 3 potions of resistance
 Z - 8 potions of attraction
Miscellaneous
 B - a lightning rod (4/4)


   Skills:
 * Level 11.9 Fighting
 + Level 4.7(5.3) Short Blades
 + Level 3.1(4.2) Long Blades
 + Level 3.0 Throwing
 - Level 7.2 Armour
 * Level 13.8 Dodging
 + Level 5.2 Stealth
 + Level 3.1 Shields
 * Level 26.1 Spellcasting
 + Level 9.5 Conjurations
 + Level 11.9 Necromancy
 + Level 6.0 Translocations
 + Level 5.8 Transmutations
 + Level 6.6 Fire Magic
 + Level 8.7 Ice Magic
 * Level 9.6 Air Magic
 * Level 11.9 Earth Magic
 - Level 7.5 Poison Magic
 + Level 1.0 Invocations
 + Level 0.3 Evocations


You couldn't memorise any spells.
You knew the following spells:

 Your Spells              Type           Power      Damage    Failure   Level
a - Ozocubu's Armour      Ice            100%       N/A       1%          3
b - Blink                 Tloc           100%       N/A       1%          2
c - Mephitic Cloud        Conj/Pois/Air  100%       N/A       1%          3
d - Vampiric Draining     Necr           100%       2d13      1%          3
f - Fireball              Conj/Fire      52%        3d20      1%          5
g - Ozocubu's Refrigerat  Ice            53%        4d19      4%          7
k - Iskenderun's Mystic   Conj/Tloc      100%       2d19      1%          4
m - Maxwell's Capacitive  Air            55%        ∞         22%         8
n - Ignite Poison         Fire/Tmut/Pois 98%        N/A       1%          3
o - Orb of Destruction    Conj           54%        9d14      3%          7
p - Apportation           Tloc           100%       N/A       1%          1
r - Frozen Ramparts       Ice            100%       1d16      1%          3
u - Dispel Undead         Necr           100%       3d31      1%          4
v - Poisonous Vapours     Pois/Air       100%       N/A       1%          2
w - Wereblood             Tmut           95%        N/A       1%          2
x - Olgreb's Toxic Radia  Pois           100%       N/A       1%          4
y - Sticky Flame          Conj/Fire      100%       2d11      1%          4
z - Freezing Cloud        Conj/Ice/Air   54%        6-21      1%          5

Your spell library contained the following spells:

 Spells                   Type           Power      Damage    Failure   Level
 Chain Lightning          Conj/Air       54%        3d72      92%         9
 Polar Vortex             Ice            53%        N/A       96%         9
 Fire Storm               Conj/Fire      52%        8d13      98%         9
 Necrotise                Necr           100%       1d9       0%          1
 Sandblast                Erth           100%       2d20      0%          1
 Sublimation of Blood     Necr           100%       N/A       0%          2
 Foxfire                  Conj/Fire      100%       2x1d9     1%          1
 Magic Dart               Conj           100%       1d8       1%          1
 Shock                    Conj/Air       100%       1d9       1%          1
 Call Imp                 Summ           100%       N/A       1%          2
 Cigotuvi's Dreadful Rot  Necr/Pois/Air  100%       N/A       1%          2
 Lesser Beckoning         Tloc           100%       N/A       1%          2
 Passwall                 Tmut/Erth      89%        N/A       1%          2
 Dazzling Flash           Conj/Hex       100%       N/A       1%          3
 Gell's Gravitas          Tloc           96%        N/A       1%          3
 Hailstorm                Conj/Ice       100%       3d20      1%          3
 Inner Flame              Hex/Fire       83%        N/A       1%          3
 Portal Projectile        Hex/Tloc       100%       N/A       1%          3
 Spider Form              Tmut/Pois      98%        N/A       1%          3
 Stone Arrow              Conj/Erth      100%       3d13      1%          3
 Swiftness                Air            100%       N/A       1%          3
 Teleport Other           Tloc           96%        N/A       1%          3
 Vhi's Electric Charge    Tloc/Air       100%       N/A       1%          3
 Airstrike                Air            55%        2d(8-24)  1%          4
 Anguish                  Hex/Necr       47%        N/A       1%          4
 Ice Form                 Ice/Tmut       100%       N/A       1%          4
 Manifold Assault         Tloc           96%        N/A       1%          4
 Passage of Golubria      Tloc           96%        N/A       1%          4
 Petrify                  Tmut/Erth      100%       N/A       1%          4
 Summon Ice Beast         Ice/Summ       88%        N/A       1%          4
 Agony                    Necr           100%       N/A       1%          5
 Arcjolt                  Conj/Air       54%        1d64      1%          5
 Borgnjor's Vile Clutch   Necr/Erth      58%        N/A       1%          5
 Yara's Violent Unravell  Hex/Tmut       40%        3d16      1%          5
 Conjure Ball Lightning   Conj/Air       54%        3x3d20    1%          6
 Death Channel            Necr           58%        N/A       1%          6
 Plasma Beam              Fire/Air       52%        2x1d73    1%          6
 Starburst                Conj/Fire      52%        6d14      1%          6
 Silence                  Hex/Air        45%        N/A       2%          5
 Statue Form              Tmut/Erth      71%        N/A       2%          6
 Metabolic Englaciation   Hex/Ice        44%        N/A       3%          5
 Cause Fear               Hex            32%        N/A       7%          4
 Dispersal                Tloc           48%        N/A       9%          6
 Lehudib's Crystal Spear  Conj/Erth      56%        10d13     14%         8
 Summon Mana Viper        Hex/Summ       64%        N/A       19%         5
 Infestation              Necr           58%        N/A       32%         8
 Haunt                    Necr/Summ      47%        N/A       43%         7
 Ignition                 Fire           49%        3d14      52%         8
 Shatter                  Erth           58%        3d44*     69%         9
 Disjunction              Tloc           48%        N/A       97%         8
 Enfeeble                 Hex            32%        N/A       99%         7
 Summon Hydra             Summ           32%        N/A       99%         7
 Discord                  Hex            32%        N/A       100%        8


Dungeon Overview and Level Annotations

Branches:
Dungeon (14/15)            Temple (0/1) D:6            Lair (5/5) D:11
 Shoals (4/4) Lair:2       Spider (4/4) Lair:3        Slime (0/5) Lair:5
    Orc (2/2) D:10            Elf (1/3) Orc:2        Vaults (3/5) D:13
  Crypt (0/3) Vaults:2     Bailey (visited)

Altars:
Dithmenos
Fedhas
Hepliaklqana
Nemelex Xobeh
Okawaru
Qazlal
Ru
Trog
Uskayaw
Vehumet
Zin
The Shining One
Jiyva

Shops:
D:2 =   D:4 (   D:11 *   Orc:2 **[:   Shoals:2 (   Shoals:3 !   Vaults:1 [

Portals:
Pandemonium: Orc:2

Annotations:
D:10 earth elemental


Innate Abilities, Weirdness & Mutations

Your mind is acute. (Int +4, Str/Dex -1)
Your magical capacity is low. (-10% MP)
A frigid envelope surrounds you and freezes all who hurt you.


Message History

The brown ugly thing basks in the mutagenic energy from its kin and changes!
Casting: Mephitic Cloud (safe; 1% risk of failure)
Confirm with . or Enter, or press ? or * to list all spells.
You feel a surge of power!
You begin to radiate toxic energy.
The vault warden is poisoned.
The yaktaur is poisoned. x2
The purple ugly thing is poisoned. x2; The boulder beetle is poisoned.
The ironbound convoker is poisoned.
The purple very ugly thing is poisoned. x2
The purple ugly thing is poisoned.
The vault warden looks even sicker.
The yaktaur looks even sicker.
The purple ugly thing looks even sicker. x2
The boulder beetle looks even sicker.
The ironbound convoker looks even sicker.
The purple very ugly thing looks even sicker. x2
The boulder beetle is engulfed in noxious fumes.
The boulder beetle appears confused.
The boulder beetle is engulfed in noxious fumes.
The purple ugly thing is engulfed in noxious fumes.
The purple ugly thing appears confused.
You hit the boulder beetle.
Your weapon exudes an aura of protection.
The boulder beetle is severely wounded.
The vault warden looks even sicker.
You kill the yaktaur!
Vehumet accepts your kill.
You feel your power returning.
The purple ugly thing looks even sicker. x2
The boulder beetle looks even sicker.
The purple ugly thing looks even sicker.
Your toxic aura wanes.
The vault warden hits you from afar with a +0 bardiche!!!
The boulder beetle is engulfed in noxious fumes.
The boulder beetle appears confused.
The boulder beetle hits you!!
* * * LOW HITPOINT WARNING * * *
The boulder beetle is very cold.
The boulder beetle is almost dead.
The boulder beetle stops rolling and uncurls.
The purple ugly thing is engulfed in noxious fumes.
The purple ugly thing appears confused.
The vault warden hits you from afar with a +0 bardiche!!!
You die...

...............
............)...
..............u..
..............u..
....[...!...c....
.........pp.u....
..........u§u....
.........@B§☼)...
.................
######+##.......
#### #...#.......
#.[###...########
#.).###..#
##...###.#
##...##.#
#####..†#.#


You could see 2 very ugly things, a vault warden (strong, very poisoned), a
boulder beetle (confused, very poisoned), 3 ugly things, an ironbound convoker
(very poisoned) and a yaktaur (very poisoned).

Vanquished Creatures
  Mara (Spider:3)
  Rupert (Lair:4)
  2 krakens
  4 sphinxes
  Ilsuiw (Shoals:3)
  A storm dragon (D:14)
  8 emperor scorpions
  A deep elf sorcerer (Elf:1)
  4 ghost moths
  2 vault wardens (Vaults:2)
  3 orc warlords
  9 very ugly things
  6 ironbound thunderhulks
  6 ironbound preservers
  4 war gargoyles (Vaults:2)
  A broodmother (Spider:3)
  A vampire knight (Vaults:2)
  A deep elf demonologist (Elf:1)
  Azrael (Orc:2)
  6 dire elephants
  2 deep elf annihilators (Elf:1)
  A minotaur (Shoals:4)
  2 eidola (Vaults:2)
  2 spark wasps
  A deep elf death mage (Elf:1)
  3 merfolk javelineers (Shoals:3)
  4 merfolk impalers
  4 fire dragons
  3 great orbs of eyes
  A yaktaur captain (Vaults:1)
  A deep elf high priest (Elf:1)
  5 entropy weavers
  2 peacekeepers (Vaults:2)
  Harold (D:9)
  9 boulder beetles
  4 vault guards (D:13)
  7 ironbound frosthearts
  A demonspawn (Orc:2)
  4 merfolk aquamancers
  4 hydras
  3 radroaches
  16 satyrs
  8 centaur warriors
  3 jorogumos
  2 catoblepae
  An alligator snapping turtle (Shoals:3)
  4 merfolk avatars
  4 dancing weapons (Elf:1)
  4 two-headed ogres
  A vampire mage (Vaults:2)
  3 orc high priests (Orc:2)
  2 pharaoh ants
  6 skeletal warriors
  A sun moth (Spider:1)
  14 deep trolls
  Lodul (D:11)
  12 sea snakes
  4 skysharks
  10 orb spiders
  2 deep elf archers
  A glowing orange brain (Vaults:2)
  Pikel (D:6)
  A swamp dragon (Lair:5)
  28 harpies
  7 ironbound convokers
  5 lindwurms
  6 wizards
  3 steelbarb worms
  An oklob plant (Lair:5)
  A necromancer (D:14)
  A lindwurm (shapeshifter) (D:14)
  7 deep elf zephyrmancers (Elf:1)
  18 ugly things
  15 deep elf pyromancers
  8 wolf spiders
  24 fauns
  11 orc knights
  19 cyclopes
  10 orc sorcerers
  9 elephants (Lair:5)
  3 moths of wrath
  Joseph (D:7)
  26 manticores
  6 merfolk sirens
  2 black mambas
  A black mamba (shapeshifter) (D:13)
  7 water nymphs
  7 torpor snails
  3 gargoyles
  A smoke demon (Orc:2)
  10 vault sentinels
  3 demonic crawlers
  11 cane toads
  Psyche (D:11)
  3 rime drakes
  16 komodo dragons
  An unseen horror (D:13)
  A freezing wraith (Vaults:2)
  11 yaktaurs
  4 kobold demonologists
  4 tengu conjurers
  An efreet (D:14)
  28 merfolk
  A red devil (Orc:2)
  A meliai (D:14)
  12 hornets
  A polar bear (D:11)
  9 trolls
  3 tyrant leeches (Lair:5)
  9 tarantellas
  3 wind drakes
  5 blink frogs (Lair:1)
  15 slime creatures
  8 snapping turtles
  12 spriggans (Lair:3)
  11 jumping spiders
  An air elemental (Elf:1)
  4 centaur simulacra (D:11)
  2 vampires
  7 culicivoras
  5 water elementals
  5 wraiths
  A hog (shapeshifter) (Elf:1)
  5 basilisks
  33 yaks
  A chaos spawn (Orc:2)
  3 fire elementals (Orc:2)
  3 steam dragons
  5 wyverns
  2 vampire mosquitoes
  29 redbacks
  Menkaure (D:7)
  3 wargs
  3 acid dragons
  6 ice beasts
  14 water moccasins
  4 hell hounds (Orc:2)
  2 swamp drakes (Lair:5)
  A sky beast (D:6)
  A meliai simulacrum (D:14)
  43 orc warriors
  2 black bears
  18 ogres
  9 centaurs
  3 boggarts (Lair:3)
  12 wolves
  A phantom (D:7)
  A lemure (D:6)
  Blork the orc (D:6)
  6 kobold brigands
  An earth elemental (Elf:1)
  4 gnoll sergeants
  10 bullfrogs
  3 scorpions
  9 wights
  21 killer bees
  2 howler monkeys (D:10)
  An electric eel (D:11)
  2 quasits (D:8)
  3 gnoll boudas
  6 hounds
  A jelly (D:6)
  Crazy Yiuf (D:7)
  32 orc priests
  A sleepcap (D:5)
  7 iguanas
  12 hell rats
  14 orc wizards
  34 gnolls
  9 adders
  3 shadow imps (D:8)
  9 white imps
  4 ufetubi
  A worm (D:5)
  2 dart slugs
  95 orcs
  4 endoplasms
  9 goblins
  7 hobgoblins
  A quokka (D:1)
  3 training dummies (Shoals:2)
  6 ball pythons
  4 bats
  4 frilled lizards
  24 kobolds
  A rat (D:2)
1229 creatures vanquished.

Vanquished Creatures (others)
  A storm dragon (D:14)
  A centaur warrior (D:14)
  8 tentacles
10 creatures vanquished.

Grand Total: 1239 creatures vanquished

Notes
Turn   | Place    | Note
-------+----------+-------------------------------------------
     0 | D:1      | Esekla the Deep Elf Wanderer began the quest for the Orb.
     0 | D:1      | Esekla set off with the following items: a +0 club, a
                  | potion of lignification, a +0 robe, a +0 buckler; and the
                  | following spells available to memorise: Apportation, Blink,
                  | Lesser Beckoning, Magic Dart, Ignite Poison, Vampiric
                  | Draining.
     0 | D:1      | Reached XP level 1. HP: 10/10 MP: 7/7
     2 | D:1      | Learned a level 1 spell: Magic Dart
     4 | D:1      | Learned a level 1 spell: Apportation
   277 | D:2      | Found Renulab's Jewellery Shop.
   436 | D:4      | Found a radiant altar of Vehumet.
   444 | D:4      | Found an iron altar of Okawaru.
   455 | D:4      | Found a glowing silver altar of Zin.
   601 | D:4      | Became a worshipper of Vehumet
   771 | D:3      | Reached skill level 5 in Spellcasting
   814 | D:3      | Reached XP level 2. HP: 15/15 MP: 7/10
   817 | D:3      | Learned a level 2 spell: Blink
  1013 | D:3      | Identified the +5 rapier of the Hero {heavy, rN+ Dex+3}
  1234 | D:1      | Reached skill level 1 in Necromancy
  1362 | D:1      | Reached XP level 3. HP: 19/19 MP: 5/11
  1448 | D:1      | Reached skill level 1 in Dodging
  1475 | D:1      | Reached * piety under Vehumet
  1475 | D:1      | Offered knowledge of Sandblast by Vehumet.
  1697 | D:1      | Learned a level 3 spell: Vampiric Draining
  1786 | D:2      | Found a faded altar of an unknown god.
  1903 | D:2      | Reached XP level 4. HP: 22/24 MP: 4/13
  2193 | D:2      | Noticed a black bear
  2252 | D:3      | Found a stormy altar of Qazlal.
  2278 | D:3      | Reached skill level 6 in Spellcasting
  2287 | D:3      | Found a hazy altar of Hepliaklqana.
  2287 | D:3      | Found a bloodstained altar of Trog.
  2610 | D:5      | Entered Level 5 of the Dungeon
  2622 | D:5      | Got the Parchment of the Lumpy Olives
  2646 | D:5      | Found a shadowy altar of Dithmenos.
  2696 | D:5      | Reached XP level 5. HP: 26/28 MP: 15/15
  2717 | D:5      | Reached skill level 1 in Conjurations
  2810 | D:5      | Reached XP level 6. HP: 32/32 MP: 14/17
  2824 | D:4      | Reached skill level 7 in Spellcasting
  3008 | D:4      | Found a glowing golden altar of the Shining One.
  3057 | D:4      | Reached skill level 1 in Short Blades
  3460 | D:4      | Found Ponaysk's Antique Weapon Boutique.
  3609 | D:2      | Offered knowledge of Momentum Strike by Vehumet.
  3786 | D:5      | Reached XP level 7. HP: 13/36 MP: 20/20
  3889 | D:5      | Reached ** piety under Vehumet
  4144 | D:5      | Reached skill level 8 in Spellcasting
  4276 | D:5      | Reached skill level 1 in Throwing
  4761 | D:6      | Noticed Pikel
  4784 | D:7      | Found a runed translucent door.
  4785 | D:7      | Noticed Crazy Yiuf
  4792 | D:7      | Killed Crazy Yiuf
  4841 | D:7      | Reached XP level 8. HP: 40/41 MP: 22/22
  4898 | D:7      | Reached skill level 9 in Spellcasting
  4967 | D:7      | Noticed Menkaure
  4972 | D:7      | Killed Menkaure
  4973 | D:7      | Reached skill level 5 in Dodging
  5144 | D:6      | Reached skill level 5 in Necromancy
  5210 | D:6      | Found a blossoming altar of Fedhas.
  5234 | D:6      | Offered knowledge of Frozen Ramparts by Vehumet.
  5259 | D:6      | Reached skill level 10 in Spellcasting
  5363 | D:6      | Found a staircase to the Ecumenical Temple.
  5510 | D:6      | Killed Pikel
  5511 | D:6      | Reached skill level 1 in Ice Magic
  5511 | D:6      | Reached XP level 9. HP: 25/45 MP: 17/25
  5515 | D:6      | Learned a level 3 spell: Frozen Ramparts
  5527 | D:6      | Learned a level 3 spell: Ignite Poison
  5686 | D:6      | Noticed Blork the orc
  5695 | D:6      | Reached *** piety under Vehumet
  5698 | D:6      | Killed Blork the orc
  6171 | D:7      | Reached skill level 11 in Spellcasting
  6405 | D:8      | Offered knowledge of Hailstorm by Vehumet.
  6585 | D:8      | Noticed a two-headed ogre
  6683 | D:8      | Reached skill level 1 in Earth Magic
  6716 | D:8      | Reached **** piety under Vehumet
  7341 | D:8      | Killed a two-headed ogre
  7342 | D:8      | Reached skill level 12 in Spellcasting
  7342 | D:8      | Reached XP level 10. HP: 50/50 MP: 25/28
  7386 | D:8      | Found a hide-covered altar of Uskayaw.
  7401 | D:8      | Found a transporter.
  7404 | D:8      | Found a transporter.
  7405 | D:8      | Found a transporter.
  7421 | D:8      | Found a transporter.
  7677 | D:7      | Noticed Joseph
  7709 | D:7      | Killed Joseph
  7793 | D:9      | Noticed a two-headed ogre
  7862 | D:9      | Found a flagged portal.
  7888 | Bailey   | Entered a bailey
  7946 | Bailey   | Offered knowledge of Olgreb's Toxic Radiance by Vehumet.
  7957 | Bailey   | Learned a level 4 spell: Olgreb's Toxic Radiance
  8063 | Bailey   | Identified the +2 bardiche of Puhoisos {heavy, rElec
                  | Stlth+}
  8222 | Bailey   | Noticed an orc knight
  8222 | Bailey   | Noticed an orc knight
  8267 | Bailey   | Killed an orc knight
  8357 | Bailey   | Killed an orc knight
  8358 | Bailey   | Reached skill level 1 in Transmutations
  8358 | Bailey   | Reached skill level 1 in Fire Magic
  8358 | Bailey   | Reached skill level 1 in Poison Magic
  8421 | Bailey   | Reached skill level 13 in Spellcasting
  8722 | D:9      | Noticed an orange demon
  8754 | D:9      | Found a sparkling altar of Nemelex Xobeh.
  8882 | D:9      | Killed a two-headed ogre
  8883 | D:9      | Reached skill level 1 in Fighting
  8934 | D:9      | Noticed a cyclops
  8939 | D:9      | Killed a cyclops
  8940 | D:9      | Reached XP level 11. HP: 56/56 MP: 30/30
  9179 | D:10     | Entered Level 10 of the Dungeon
  9211 | D:10     | Found a staircase to the Orcish Mines.
  9226 | Orc:1    | Entered Level 1 of the Orcish Mines
  9232 | Orc:1    | Reached skill level 14 in Spellcasting
  9250 | Orc:1    | Noticed an orc knight
  9254 | Orc:1    | Killed an orc knight
  9582 | D:2      | Bought the ring of the Mage {Wiz Archmagi} for 714 gold
                  | pieces
  9582 | D:2      | Found the ring of the Mage {Wiz Archmagi}
  9908 | D:11     | Reached ***** piety under Vehumet
  9908 | D:11     | Offered knowledge of Arcjolt by Vehumet.
  9914 | D:11     | Noticed Lodul
  9918 | D:11     | Killed Lodul
  9936 | D:11     | Reached skill level 1 in Armour
  9969 | D:11     | Found Fagafuf's Pet Rocks.
  9976 | D:11     | Reached skill level 15 in Spellcasting
 10053 | D:10     | Learned a level 5 spell: Arcjolt
 10129 | D:10     | Reached skill level 5 in Earth Magic
 10305 | D:10     | Found a sacrificial altar of Ru.
 10411 | D:10     | Offered knowledge of Iskenderun's Mystic Blast by Vehumet.
 10417 | D:10     | Learned a level 4 spell: Iskenderun's Mystic Blast
 10719 | D:11     | Reached XP level 12. HP: 64/64 MP: 33/33
 10862 | D:11     | Found a staircase to the Lair.
 11027 | D:11     | Reached skill level 16 in Spellcasting
 11080 | D:11     | Noticed Psyche
 11083 | D:11     | Noticed a two-headed ogre
 11088 | D:11     | Killed Psyche
 11089 | D:11     | Reached skill level 5 in Poison Magic
 11091 | D:11     | Killed a two-headed ogre
 11127 | D:11     | Got Simple Magic
 11456 | D:12     | Learned a level 2 spell: Wereblood
 11546 | D:12     | Found a portal to a secret trove of treasure.
 11597 | D:12     | Learned a level 3 spell: Mephitic Cloud
 11603 | D:12     | Learned a level 5 spell: Freezing Cloud
 11606 | D:12     | Learned a level 2 spell: Poisonous Vapours
 11704 | D:12     | Learned a level 5 spell: Fireball
 11828 | Trove    | Entered a treasure trove
 11839 | Trove    | Identified the +0 cloak of Time Monsters {Stlth+}
 11854 | Trove    | Identified the ring "Edamun" {rF+ Will+ Str+3 Dex+2 Slay+2}
 11858 | Trove    | Identified the +1 flail "Jovap" {freeze, rElec Dex+5}
 11859 | Trove    | Identified the +3 ring mail "Poady" {+Inv rF+ Dex+2 Slay-4}
 12140 | Lair:1   | Entered Level 1 of the Lair of Beasts
 12601 | Lair:1   | Reached skill level 1 in Air Magic
 12969 | Lair:2   | Found a transporter.
 12969 | Lair:2   | Found a transporter.
 12970 | Lair:2   | Noticed a boulder beetle
 12970 | Lair:2   | Noticed a boulder beetle
 12979 | Lair:2   | Killed a boulder beetle
 12989 | Lair:2   | Killed a boulder beetle
 13251 | D:2      | Bought the ring of Greed {rElec rPois rN+ AC+4 Str-2} for
                  | 758 gold pieces
 13490 | D:9      | Noticed Harold
 13496 | D:9      | Killed Harold
 13886 | Lair:2   | Found a staircase to the Shoals.
 13891 | Lair:2   | Reached XP level 13. HP: 55/72 MP: 24/35
 14577 | Lair:3   | Reached skill level 5 in Fighting
 14614 | Lair:3   | Identified the +3 leather armour of Okawaru's Inspiration
                  | {Str+4}
 14712 | Lair:3   | Found a hole to the Spider Nest.
 14882 | Lair:3   | Reached skill level 17 in Spellcasting
 15020 | Lair:3   | Reached skill level 5 in Conjurations
 15348 | Lair:4   | Reached skill level 10 in Necromancy
 15695 | Lair:4   | Learned a level 4 spell: Sticky Flame
 15825 | Lair:4   | Noticed Rupert
 15831 | Lair:4   | Killed Rupert
 16205 | Lair:5   | Entered Level 5 of the Lair of Beasts
 16404 | Lair:5   | Reached XP level 14. HP: 72/80 MP: 30/37
 16410 | Lair:5   | Reached skill level 18 in Spellcasting
 16668 | Lair:5   | Found a viscous altar of Jiyva.
 16669 | Lair:5   | Found a staircase to the Slime Pits.
 16740 | Lair:5   | Found a runed translucent door.
 17295 | Lair:5   | Got Utragud's Papyrus of the Inquisitive Olives
 17664 | Orc:2    | Entered Level 2 of the Orcish Mines
 17987 | Orc:2    | Found Roezostra's General Store.
 17988 | Orc:2    | Found Bamnuus's General Store.
 18060 | Orc:2    | Noticed an orc warlord
 18073 | Orc:2    | Killed an orc warlord
 18074 | Orc:2    | Reached skill level 10 in Dodging
 18173 | Orc:2    | Found a staircase to the Elven Halls.
 18225 | Orc:2    | Reached skill level 5 in Armour
 18314 | Orc:2    | Noticed Azrael
 18322 | Orc:2    | Killed Azrael
 18323 | Orc:2    | Reached skill level 19 in Spellcasting
 18453 | Orc:2    | Offered knowledge of Iron Shot by Vehumet.
 18459 | Orc:2    | Reached skill level 5 in Air Magic
 18488 | Orc:2    | Reached skill level 5 in Ice Magic
 18503 | Orc:2    | Gained mutation: You are weak. (Str -2) [a neqoxec]
 18581 | Orc:2    | Found Jyohez's Book Shop.
 18581 | Orc:2    | Found Huzal's Antique Armour Boutique.
 18582 | Orc:2    | Found a one-way gate leading to the halls of Pandemonium.
 18586 | Orc:2    | Bought a runed helmet for 270 gold pieces
 18675 | Orc:1    | Reached skill level 5 in Fire Magic
 18677 | Orc:1    | Noticed an orc warlord
 18683 | Orc:1    | Killed an orc warlord
 18684 | Orc:1    | Reached XP level 15. HP: 78/86 MP: 33/40
 18950 | Elf:1    | Entered Level 1 of the Elven Halls
 19204 | Elf:1    | Noticed a deep elf sorcerer
 19208 | Elf:1    | Killed a deep elf sorcerer
 19740 | Elf:1    | Reached skill level 20 in Spellcasting
 20085 | Spider:1 | Entered Level 1 of the Spider Nest
 20136 | Spider:1 | Identified the +1 pair of boots of Piysunuo {Str+3}
 20163 | Spider:1 | Reached skill level 5 in Translocations
 20380 | Spider:1 | Offered knowledge of Orb of Destruction by Vehumet.
 20389 | Spider:1 | Learned a level 7 spell: Orb of Destruction
 21155 | Spider:2 | Acquired Ozocubu's Autobiography
 21162 | Spider:2 | Learned a level 3 spell: Ozocubu's Armour
 21162 | Spider:2 | Acquired Sif Muna's Guide on Undead Talus
 21163 | Spider:2 | Acquired 666 gold pieces
 21435 | D:2      | Bought a ring of see invisible for 210 gold pieces
 21709 | Spider:1 | Lost mutation: You are weak. (Str -2) [potion of mutation]
 21709 | Spider:1 | Gained mutation: Armour fits poorly on your strangely
                  | shaped body. [potion of mutation]
 21709 | Spider:1 | Gained mutation: You possess an exceptional clarity of
                  | mind. [potion of mutation]
 21710 | Spider:1 | Lost mutation: You possess an exceptional clarity of mind.
                  | [potion of mutation]
 21710 | Spider:1 | Lost mutation: Armour fits poorly on your strangely shaped
                  | body. [potion of mutation]
 21710 | Spider:1 | Gained mutation: You sometimes lose your temper in combat.
                  | [potion of mutation]
 21710 | Spider:1 | Gained mutation: You are robust. (+10% HP) [potion of
                  | mutation]
 21710 | Spider:1 | Gained mutation: You have supernaturally acute eyesight.
                  | (SInv) [potion of mutation]
 21711 | Spider:1 | Lost mutation: You sometimes lose your temper in combat.
                  | [potion of mutation]
 21711 | Spider:1 | Lost mutation: You are robust. (+10% HP) [potion of
                  | mutation]
 21711 | Spider:1 | Lost mutation: You have supernaturally acute eyesight.
                  | (SInv) [potion of mutation]
 21711 | Spider:1 | Gained mutation: Your mind is acute. (Int +4, Str/Dex -1)
                  | [potion of mutation]
 21711 | Spider:1 | Gained mutation: Your magical capacity is low. (-10% MP)
                  | [potion of mutation]
 21711 | Spider:1 | Gained mutation: A frigid envelope surrounds you and
                  | freezes all who hurt you. [potion of mutation]
 22177 | Spider:3 | Reached XP level 16. HP: 94/94 MP: 36/38
 22510 | Spider:3 | Reached skill level 21 in Spellcasting
 23011 | Spider:4 | Entered Level 4 of the Spider Nest
 23011 | Spider:4 | Noticed Mara
 23016 | Spider:4 | Noticed Esekla's illusion
 23026 | Spider:3 | Killed Mara
 23589 | Spider:4 | Offered knowledge of Yara's Violent Unravelling by Vehumet.
 23866 | Spider:4 | Got a gossamer rune of Zot
 24158 | Spider:4 | Learned a level 7 spell: Ozocubu's Refrigeration
 24257 | Shoals:1 | Entered Level 1 of the Shoals
 24308 | Shoals:1 | You fall into a shaft and drop 1 floor!
 24411 | Shoals:1 | Reached skill level 22 in Spellcasting
 24809 | Shoals:1 | Reached XP level 17. HP: 68/101 MP: 40/40
 24820 | Shoals:1 | Reached skill level 1 in Long Blades
 25121 | Shoals:2 | Reached skill level 10 in Earth Magic
 25160 | Shoals:2 | Found Biskeott's Firing Range.
 25942 | Shoals:3 | Reached skill level 10 in Fighting
 26082 | Shoals:3 | Found Zemonaik's Distillery.
 26118 | Shoals:3 | Bought a potion of heal wounds for 75 gold pieces
 26118 | Shoals:3 | Bought a potion of heal wounds for 75 gold pieces
 26118 | Shoals:3 | Bought 2 potions of heal wounds for 150 gold pieces
 26142 | Shoals:3 | Noticed Ilsuiw
 26172 | Shoals:3 | Killed Ilsuiw
 26243 | Shoals:3 | Noticed a kraken
 26252 | Shoals:3 | Killed a kraken
 26283 | Shoals:3 | Reached ****** piety under Vehumet
 26283 | Shoals:3 | Offered knowledge of Eringya's Noxious Bog by Vehumet.
 26548 | Shoals:2 | Identified the +1 animal skin "Kougi" {rPois rF++ MP+9}
 26567 | Shoals:4 | Entered Level 4 of the Shoals
 26645 | Shoals:4 | Identified the +1 ring mail "Uronn" {rF+ Regen+ Int+3}
 26706 | Shoals:4 | Reached skill level 23 in Spellcasting
 26833 | Shoals:4 | Offered knowledge of Conjure Ball Lightning by Vehumet.
 26988 | Shoals:4 | Noticed a kraken
 26994 | Shoals:4 | Killed a kraken
 27022 | Shoals:4 | Reached XP level 18. HP: 102/108 MP: 31/43
 27132 | Shoals:4 | Got a barnacled rune of Zot
 27146 | Shoals:4 | Got Cuuv Rytt's Atlas of Hot Beguiling
 27269 | Shoals:4 | Identified the ring "Pileq" {Ice Str+4 Dex+3 Slay+2}
 28380 | D:13     | Reached skill level 5 in Stealth
 28441 | D:13     | Found a gate to the Vaults.
 28609 | D:14     | Reached skill level 24 in Spellcasting
 29511 | D:14     | Reached skill level 5 in Transmutations
 29602 | D:14     | Offered knowledge of Fire Storm by Vehumet.
 29602 | D:14     | Offered knowledge of Chain Lightning by Vehumet.
 29602 | D:14     | Offered knowledge of Polar Vortex by Vehumet.
 30212 | Vaults:1 | Entered Level 1 of the Vaults
 30307 | Vaults:1 | Identified the +9 arbalest of Xom's Indignation {penet,
                  | Dex+4 Stlth+}
 30568 | Vaults:1 | Found Emogyl Osee's Armour Boutique.
 30638 | Vaults:1 | Reached skill level 25 in Spellcasting
 30911 | Vaults:1 | Reached XP level 19. HP: 115/115 MP: 45/45
 30920 | Vaults:1 | Learned a level 8 spell: Maxwell's Capacitive Coupling
 31472 | Vaults:2 | Learned a level 4 spell: Dispel Undead
 31493 | Vaults:2 | Found a staircase to the Crypt.
 31542 | Vaults:2 | Found a flickering gateway to a bazaar.
 31569 | Bazaar   | Entered a bazaar
 31587 | Bazaar   | Found Huts's Armour Emporium.
 31587 | Bazaar   | Found Fuoqy's Distillery.
 31592 | Bazaar   | Bought a +1 cloak of stealth for 181 gold pieces
 31608 | Bazaar   | Bought a potion of curing for 21 gold pieces
 31608 | Bazaar   | Bought a potion of mutation for 56 gold pieces
 31619 | Bazaar   | Found Luehida's Magic Scroll Shoppe.
 31625 | Bazaar   | Bought a scroll of blinking for 82 gold pieces
 31636 | Bazaar   | Found Subykus's Antique Weapon Emporium.
 31636 | Bazaar   | Found Zefiutze's Weapon Shoppe.
 31640 | Bazaar   | Bought the +8 Vampire's Tooth {megavamp} for 540 gold
                  | pieces
 31640 | Bazaar   | Found the +8 Vampire's Tooth {megavamp}
 31657 | Bazaar   | Found Gopir's Armour Shoppe.
 31665 | Bazaar   | Bought the +0 mask of the Dragon {Will+ Slay+3 SInv} for
                  | 367 gold pieces
 31665 | Bazaar   | Found the +0 mask of the Dragon {Will+ Slay+3 SInv}
 32524 | Vaults:2 | Reached skill level 26 in Spellcasting
 32615 | Vaults:2 | Learned a level 3 spell: Frozen Ramparts
 32788 | Vaults:3 | Mangled by a vault warden

Illustrated notes

Levels and vault maps discovered:
D:1:      sevenhm_arrival_forest_fort_small_3, layout_rooms,
          chequers_serial_rivers_room_b, minmay_misc_feat_five
D:2:      layout_loops_ring, dreamdust_ecumenical_altar_angels_and_demons,
          serial_shops, shop
D:3:      layout_basic, grunt_temple_overflow_open, minmay_misc_feat_iff
D:4:      layout_basic, nicolae_overflow_quartered_altars, serial_shops,
          nicolae_diamond_shop
D:5:      layout_loops_ring, lemuel_doored_altar, minmay_misc_feat_rows,
          dreamdust_wishing_well
D:6:      layout_loops_cross, fedhas_altar_fruit_tree,
          minmay_temple_entry_glass, uniq_pikel, uniq_blork_the_orc
D:7:      layout_basic, uniq_menkaure, uniq_joseph, uniq_crazy_yiuf_cottage
D:8:      layout_basic, nicolae_uskayaw_dance_hall, serial_demonic,
          serial_demonic_d, serial_demonic_a, serial_demonic_c,
          serial_demonic_c, nicolae_diode_quadrants
D:9:      layout_irregular_city, kennysheep_little_box, enter_bailey_4,
          minmay_between, uniq_harold
D:10:     layout_basic, nicolae_ru_awakened_eye
D:11:     layout_rooms, hellmonk_lair_entry_icy, serial_ice, serial_ice_j,
          serial_ice_m, serial_ice_o, serial_ice_c, serial_ice_g, serial_ice_f,
          guppyfry_shop_earth, uniq_psyche, uniq_lodul
D:12:     layout_roguey, nicolae_trove_entry_crossroad
D:13:     layout_loops_ring, lightli_vaults_fourway_checkpoint
D:14:     nzn_winding_woodlands_large [nzn_winding_woodlands_5x5_checkerboard,
          nzn_winding_woodlands_5x15_longhouse,
          nzn_winding_woodlands_5x5_default,
          nzn_winding_woodlands_center_garden,
          nzn_winding_woodlands_15x15_five_gardens,
          nzn_winding_woodlands_center_lodge, nzn_winding_woodlands_5x5_default,
          nzn_winding_woodlands_5x15_crooked, nzn_winding_woodlands_5x5_three],
          layout_loops_corners
Lair:1:   layout_small_grid
Lair:2:   gammafunk_boulding_lane, layout_small_grid, elwin_shoals_entry_rooms
Lair:3:   kb_forest_paths, layout_chaotic_city, spider_nest_entry_rubble
Lair:4:   layout_hall_layers, grunt_megastairs_3, lemuel_fruit_fields,
          uniq_rupert
Lair:5:   guppyfry_lair_end_dragon, layout_misc_corridors, wormcave,
          dpeg_slime_entry_enclosed
Shoals:1: layout_shoals, nicolae_shoals_nautilus_by_nature
Shoals:2: argonaut_golden_fleece, layout_shoals, nicolae_shop_firing_range
Shoals:3: layout_shoals, serial_shops, shop, nicolae_shoals_lost_giant_hut,
          uniq_ilsuiw
Shoals:4: shoals_end_hellmonk_lost_city, serial_shops
Spider:1: layout_spider_delve, nicolae_spider_some_kinda_spiderbox
Spider:2: layout_spider_delve, nicolae_spider_twisty_arc_passages
Spider:3: layout_chambers, nicolae_orb_stairs
Spider:4: grunt_spider_rune_circles, guppyfry_hornet_nest, uniq_mara
Orc:1:    layout_caves
Orc:2:    pf_orc_diabolical, layout_diamond_mine, uniq_azrael
Elf:1:    minmay_elf_arrival_plus, layout_loops_cross,
          kennysheep_underground_church
Vaults:1: vaults_dpeg_emergency_exit, nicolae_vaults_ellipses_ellipsis,
          nicolae_vaults_variable_pillar_hall, v_misc_22, v_misc_33,
          nicolae_vaults_closet_pinwheel_3, v_alt_pattern_4, v_alt_pattern_4,
          nicolae_vaults_tetromino_Z_2, nicolae_vaults_taking_the_gang_shopping,
          nicolae_vaults_spaceships, v_misc_33, nicolae_vaults_shelves_hall,
          nicolae_vaults_trapezoid_lopsided_1, nicolae_vaults_little_ls,
          layout_vaults_ring
Vaults:2: ontoclasm_vaults_bender, nicolae_vaults_storage_closets_1, v_misc_9,
          vaults_room_pools, nicolae_vaults_more_shelving_2, v_misc_14,
          vaults_standard_mumra_lines, hangedman_vaults_stream,
          nicolae_vaults_windows_and_doors_thing,
          minmay_crypt_entry_simple_corners, nicolae_vaults_stand_back,
          vaults_dpeg_diagonal, nicolae_vaults_little_squares_5,
          layout_vaults_omnibox, serial_shops, bzr_entry_gold
Vaults:3: nicolae_vaults_three_branches, v_misc_15, vaults_standard_mumra_x,
          v_misc_13, ontoclasm_vaults_loading_screen, nicolae_vaults_tangram_1,
          nicolae_vaults_display_case, vaults_room_ringed_pool,
          nicolae_vaults_octothorpe, vaults_mumra_minichess,
          nicolae_vaults_variable_pillar_hall, v_alt_pattern_6,
          nicolae_vaults_tetromino_L_1, nicolae_vaults_trapezoid_3,
          layout_vaults_big_room, uniq_mennas

Skill      XL: |  1  2  3  4  5  6  7  8  9 10 11 12 13 14 15 16 17 18 19 |
---------------+----------------------------------------------------------+-----
Spellcasting   | 5 6 7 8 10 12 13 15 16 17 19 20 22 23 25 26 | 26.1
Necromancy     | 1 2 3 4 5 6 8 9 10 11 | 11.9
Dodging        | 1 3 4 6 7 8 9 10 11 12 13 | 13.8
Stealth        | 2 3 4 5 |  5.2
Conjurations   | 1 2 4 5 6 7 8 9 |  9.5
Short Blades   | 1 3 4 |  4.7
Throwing       | 1 2 3 |  3.0
Shields        | 2 3 |  3.1
Translocations | 3 4 5 6 |  6.0
Ice Magic      | 1 2 3 4 5 6 8 |  8.7
Earth Magic    | 2 4 5 6 7 8 9 10 11 | 11.9
Transmutations | 1 2 3 4 5 |  5.8
Fire Magic     | 1 2 4 5 6 |  6.6
Poison Magic   | 3 4 6 7 |  7.5
Fighting       | 1 3 4 6 7 8 9 10 11 | 11.9
Armour         | 2 3 4 5 6 7 |  7.2
Air Magic      | 2 4 5 6 7 8 9 |  9.6
Long Blades    | 1 2 3 |  3.1
Invocations    | |  1.0
Evocations     | |  0.3

Action                     |  1- 3 |  4- 6 |  7- 9 | 10-12 | 13-15 | 16-18 | 19-21 || total
---------------------------+-------+-------+-------+-------+-------+-------+-------++-------
  Melee: Short sword       |    21 |       |       |       |       |       |       ||    21
         Rapier            |    18 |    29 |   123 |    87 |    66 |    41 |     2 ||   366
         Dagger            |       |    24 |    79 |       |       |       |       ||   103
         Scimitar          |       |       |       |       |    13 |   184 |    36 ||   233
         Quick blade       |       |       |       |       |       |       |     1 ||     1
  Throw: Dart              |       |    11 |    35 |    38 |       |     1 |       ||    85
         Boomerang         |       |       |       |       |    19 |     5 |       ||    24
         Javelin           |       |       |       |       |       |     4 |     1 ||     5
   Cast: Magic Dart        |    54 |    40 |    84 |    62 |    30 |     1 |       ||   271
         Apportation       |    31 |     8 |    37 |    62 |    53 |    55 |    18 ||   264
         Vampiric Draining |     1 |    21 |    32 |    43 |    21 |    29 |    15 ||   162
         Blink             |     1 |     1 |     1 |    14 |    15 |     4 |     4 ||    40
         Frozen Ramparts   |       |       |    14 |    44 |    35 |    54 |     7 ||   154
         Ignite Poison     |       |       |     3 |    57 |   160 |   170 |    29 ||   419
         Olgreb's Toxic Ra |       |       |       |    58 |    53 |    52 |    16 ||   179
         Iskenderun's Myst |       |       |       |    30 |    21 |     9 |     4 ||    64
         Poisonous Vapours |       |       |       |    17 |   158 |   205 |    22 ||   402
         Mephitic Cloud    |       |       |       |     7 |    14 |    10 |    11 ||    42
         Wereblood         |       |       |       |     3 |    21 |    29 |    10 ||    63
         Freezing Cloud    |       |       |       |     2 |    23 |    24 |     5 ||    54
         Fireball          |       |       |       |     1 |    13 |     7 |       ||    21
         Sticky Flame      |       |       |       |       |    12 |    43 |     9 ||    64
         Orb of Destructio |       |       |       |       |     4 |    11 |    10 ||    25
         Ozocubu's Armour  |       |       |       |       |     2 |    54 |    12 ||    68
         Ozocubu's Refrige |       |       |       |       |       |    17 |     1 ||    18
         Dispel Undead     |       |       |       |       |       |       |     5 ||     5
  Evoke: Wand              |       |       |     9 |     7 |       |     5 |       ||    21
    Use: Scroll            |     1 |       |    10 |    10 |     9 |     8 |     1 ||    39
         Potion            |       |       |     1 |     3 |     7 |     5 |     3 ||    19
   Stab: Sleeping          |     2 |     2 |     5 |     7 |     8 |     6 |     2 ||    32
         Distracted        |       |       |     1 |       |       |       |       ||     1
         Confused          |       |       |       |       |       |       |     1 ||     1
 Armour: Robe              |    24 |    20 |    65 |    21 |       |       |       ||   130
         Troll leather arm |       |       |       |    16 |    70 |   184 |       ||   270
         Ring mail         |       |       |       |       |       |   186 |    87 ||   273
  Dodge: Dodged            |    40 |    53 |   162 |   117 |   136 |   343 |    61 ||   912
  Block: Buckler           |    14 |    14 |    40 |    41 |    32 |   106 |    17 ||   264
